 Dungeon Crawl Stone Soup version 0.24-a0-67-ga78bd38d5a (webtiles) character file.

Game seed: 12881657977884531336

5981 LLavrengius the Slicer (level 10, -3/72 (74) HPs)
             Began as an Octopode Fighter on Feb 5, 2019.
             Was an Elder of Wu Jian.
             Slain by a troll (10 damage)
             ... on level 10 of the Dungeon.
             The game lasted 00:40:08 (9004 turns).

LLavrengius the Slicer (Octopode Fighter)           Turns: 9004, Time: 00:40:09

HP:   -3/72 (74)    AC:  6    Str: 16    XL:     10   Next: 85%
MP:   23/23         EV: 13    Int: 13    God:    Wu Jian [****..]
Gold: 529           SH: 10    Dex: 12    Spells: 14/15 levels left

rFire    x . .     SeeInvis .   r - +4 dagger (venom)
rCold    + . .     Gourm    .   b - +1 shield
rNeg     . . .     Faith    .   (helmet restricted)
rPois    +         Spirit   .   G - amulet of magic regeneration
rElec    .         Reflect  .   k - ring of poison resistance
rCorr    +         Harm     .   v - ring of resist corrosion
MR       .....                  g - ring of magical power
Stlth    +++++.....             C - ring of ice (curse)
HPRegen  0.00/turn              K - ring of wizardry
MPRegen  0.43/turn              T - +5 ring of protection
                                (no ring)
                                (no ring)

@: non-regenerating, badly diseased
A: almost no armour, stealthy swim, amphibious, 8 rings, constrict 8, camouflage
1, gelatinous body 1
a: Wall Jump, Serpent's Lash, Renounce Religion


You were on level 10 of the Dungeon.
You worshipped Wu Jian.
Wu Jian was greatly pleased with you.
You were not hungry.

You visited 1 branch of the dungeon, and saw 10 of its levels.
You also visited: Ossuary.

You collected 529 gold pieces.

Inventory:

Hand Weapons
 a - a +0 rapier
 p - a +2 vampiric dagger
 r - a +4 dagger of venom (weapon)
 x - a +0 blowgun
 z - a +0 trident
 O - a +2 dagger of speed
 P - a +3 scimitar
Missiles
 y - 42 poisoned needles
 A - 5 poisoned javelins (quivered)
 V - 6 silver javelins
 X - a throwing net
Armour
 b - a +1 shield (worn)
Jewellery
 g - a ring of magical power (on tentacle)
 k - a ring of poison resistance (left tentacle)
 v - a ring of resist corrosion (right tentacle)
 C - a cursed ring of ice (on tentacle)
 G - an amulet of magic regeneration (around mantle)
 K - a ring of wizardry (on tentacle)
 T - a +5 ring of protection (on tentacle)
 W - an uncursed ring of magical power
Wands
 u - a wand of disintegration (12)
 M - a wand of polymorph (13)
 N - a wand of digging (4)
 Q - a wand of enslavement (11)
Scrolls
 e - 4 scrolls of immolation
 i - 3 scrolls of amnesia
 m - 4 scrolls of teleportation
 t - 3 scrolls of enchant weapon {unknown}
 B - 2 scrolls of blinking {unknown}
 D - 3 scrolls of magic mapping {unknown}
 H - a scroll of enchant armour
 J - 4 scrolls of identify
 L - 3 scrolls of remove curse
 R - a scroll of fog
Potions
 c - 8 potions of might
 f - 4 potions of lignification
 h - 3 potions of agility
 j - 3 potions of cancellation
 l - 9 potions of curing
 n - 3 potions of heal wounds
 o - a potion of haste
 q - 2 potions of resistance
 s - 2 potions of brilliance
 w - 2 potions of berserk rage
 E - a potion of ambrosia
 F - 4 potions of mutation {unknown}
 I - 2 potions of invisibility {unknown}
 S - a potion of magic {unknown}
Comestibles
 d - 24 rations


   Skills:
 + Level 9.2 Fighting
 + Level 9.5 Short Blades
 + Level 5.0 Dodging
 - Level 8.0 Stealth
 + Level 4.9 Shields
 - Level 3.0 Spellcasting
 - Level 4.0 Hexes


You had 14 spell levels left.
You knew the following spells:

 Your Spells              Type           Power        Failure   Level  Hunger
a - Confusing Touch       Hex            ##....       6%          1    #......

Your spell library contained the following spells:

 Spells                   Type           Power        Failure   Level  Hunger
 Confuse                  Hex            ##......     19%         3    ###....
 Freeze                   Ice            #...         32%         1    #......
 Throw Frost              Conj/Ice       #.....       43%         2    ###....
 Gell's Gravitas          Tloc           #.........   65%         3    ###....
 Ignite Poison            Fire/Tmut/Pois #.......     65%         3    ###....
 Ozocubu's Armour         Chrm/Ice       #.......     65%         3    ###....
 Petrify                  Tmut/Erth      #.......     96%         4    #####..
 Summon Ice Beast         Ice/Summ       #.......     96%         4    #####..
 Throw Icicle             Conj/Ice       #.......     96%         4    #####..
 Metabolic Englaciation   Hex/Ice        ##........   98%         5    ######.
 Yara's Violent Unravell  Hex/Tmut       #.........   98%         5    ######.
 Fireball                 Conj/Fire      #.........   100%        5    ######.
 Bolt of Fire             Conj/Fire      #.........   100%        6    #######
 Ring of Flames           Chrm/Fire      #.........   100%        7    #######
 Ignition                 Fire           #.........   100%        8    #######


Dungeon Overview and Level Annotations

Branches:
Dungeon (10/15)            Temple (0/1) D:7            Lair (0/6) D:9
    Orc: D:9-12

Altars:
Elyvilon
Gozag
Nemelex Xobeh
Ru
Wu Jian
Xom
Yredelemnul

Annotations:
D:3 3 runed translucent doors, Esekla's ghost, weakling FoWn
D:4 2 runed translucent doors, Flugslaktarn's ghost, amateur DDFi
D:7 3 runed translucent doors, brucemayne's ghost, novice HOMo


Innate Abilities, Weirdness & Mutations

You cannot wear most types of armour.
You are very stealthy in the water. (Stealth+)
You are amphibious.
You can wear up to eight rings at the same time.
You can use your tentacles to constrict eight enemies at once.
Your skin changes colour to match your surroundings (Stealth+).
Your rubbery body absorbs attacks. (AC +1, EV +1)


Message History

The troll bites you!!
The troll claws you. x2; The necrophage hits you.
You feel ill.
You feel your flesh rotting away!
There is a stone staircase leading up, spattered with blood here.
Unknown command.
You spin and attack the troll.
You hit the troll.
The troll is poisoned.
The troll is lightly wounded.
The troll bites you! You block the troll's attack. x2
Unknown command.
You spin and attack the necrophage repeatedly.
You hit the necrophage but do no damage.
You grab the necrophage. You squeeze the necrophage!
The necrophage is moderately damaged.
You hit the necrophage.
The necrophage is heavily damaged.
You constrict the necrophage. The necrophage hits you.
* * * LOW HITPOINT WARNING * * *
You feel ill.
You feel your flesh rotting away! The troll bites you!
* * * LOW HITPOINT WARNING * * *
The troll claws you!
You die...

.........#
.........#
.........#
.........#
.(........#
..........#
[.........#### ##
.........@...# . #
........Tn...# .##.#
.............##....#
..................>#
##.###.†.....###.##
# #......<#
#.......# #######.#
#.#


You could see a troll and a necrophage (pinned).

Vanquished Creatures
  A shadow (D:8)
  A vampire (D:9)
  A wyvern (D:8)
  3 orc warriors
  2 ice beasts (D:6)
  2 phantoms
  3 black bears
  2 necrophages
  3 sky beasts
  3 centaurs
  8 ogres
  A crocodile (D:9)
  An elf zombie (D:4)
  5 bullfrogs
  A wyvern skeleton (D:8)
  9 scorpions
  8 killer bees
  5 howler monkeys
  7 wights (D:7)
  5 crimson imps
  3 human zombies (Ossuary)
  A bullfrog zombie (D:8)
  7 hounds
  A centaur skeleton (D:8)
  A jelly (D:8)
  3 orc priests
  5 orc wizards
  5 iguanas
  2 human skeletons (D:4)
  4 worker ants
  3 big kobold zombies (Ossuary)
  A hound skeleton (D:8)
  3 mummies (Ossuary)
  A howler monkey skeleton (D:7)
  A worker ant zombie (D:5)
  Robin (D:2)
  2 gnolls (D:7)
  8 adders
  A scorpion zombie (Ossuary)
  3 shadow imps
  An adder zombie (D:7)
  2 adder skeletons
  2 worms (D:2)
  3 leopard geckos
  24 orcs
  7 bats
  4 giant cockroaches
  21 goblins
  22 hobgoblins
  6 jackals
  15 kobolds
  5 quokkas
  6 frilled lizards
  2 gnoll zombies (Ossuary)
  A goblin zombie (Ossuary)
  4 hobgoblin zombies (Ossuary)
  2 kobold zombies (Ossuary)
  2 orc skeletons (D:4)
  3 orc zombies
  7 rats
266 creatures vanquished.

Notes
Turn   | Place    | Note
-------+----------+-------------------------------------------
     0 | D:1      | LLavrengius the Octopode Fighter began the quest for the
                  | Orb.
     0 | D:1      | Reached XP level 1. HP: 16/16 MP: 1/1
    86 | D:1      | Reached skill level 1 in Stealth
    90 | D:1      | Reached XP level 2. HP: 11/21 MP: 2/2
   577 | D:1      | Reached XP level 3. HP: 26/26 MP: 3/3
  1010 | D:2      | Noticed Robin
  1422 | D:2      | Killed Robin
  1422 | D:2      | Reached XP level 4. HP: 25/31 MP: 4/4
  1988 | D:3      | Found a runed translucent gate.
  1988 | D:3      | Found a runed translucent gate.
  1988 | D:3      | Found a runed translucent gate.
  1989 | D:3      | Found an opulent altar of Gozag.
  1990 | D:3      | Noticed Esekla's ghost (weakling FoWn)
  2175 | D:3      | Found an ornate altar of the Wu Jian Council.
  2183 | D:3      | Became a worshipper of the Wu Jian Council
  2199 | D:3      | Reached XP level 5. HP: 31/36 MP: 5/5
  2451 | D:4      | Found a runed translucent door.
  2459 | D:4      | Noticed Flugslaktarn's ghost (amateur DDFi)
  2468 | D:4      | Found a runed translucent door.
  2566 | D:4      | Noticed an ogre
  2575 | D:4      | Killed an ogre
  2575 | D:4      | Reached skill level 5 in Stealth
  2623 | D:4      | Reached XP level 6. HP: 35/42 MP: 6/6
  2645 | D:4      | Found a sand-covered staircase.
  2658 | Ossuary  | Entered an ossuary
  2854 | Ossuary  | Reached * piety under Wu Jian
  2955 | Ossuary  | Reached XP level 7. HP: 31/48 MP: 7/7
  3069 | Ossuary  | Reached skill level 5 in Short Blades
  3336 | Ossuary  | Reached skill level 5 in Fighting
  3492 | Ossuary  | Reached XP level 8. HP: 50/55 MP: 8/8
  3674 | D:4      | Learned a level 1 spell: Confusing Touch
  3886 | D:5      | Entered Level 5 of the Dungeon
  3933 | D:5      | Reached skill level 1 in Spellcasting
  3933 | D:5      | Reached skill level 1 in Hexes
  3956 | D:5      | Reached ** piety under Wu Jian
  4500 | D:5      | Reached XP level 9. HP: 62/62 MP: 12/12
  4637 | D:5      | Found a sacrificial altar of Ru.
  4920 | D:6      | Found a shimmering altar of Xom.
  5132 | D:6      | Found a basalt altar of Yredelemnul.
  5159 | D:6      | Found a sparkling altar of Nemelex Xobeh.
  5637 | D:7      | Found a runed translucent gate.
  5637 | D:7      | Found a runed translucent gate.
  5637 | D:7      | Found a runed translucent gate.
  5637 | D:7      | Noticed brucemayne's ghost (novice HOMo)
  5637 | D:7      | Identified the +8 dagger "Mirul" {chaos, *Noise +Blink
                  | rPois Str+7}
  6058 | D:7      | Found a staircase to the Ecumenical Temple.
  6076 | D:7      | Reached *** piety under Wu Jian
  6096 | D:7      | Noticed a kobold demonologist
  6426 | D:7      | Found a white marble altar of Elyvilon.
  6708 | D:8      | Reached XP level 10. HP: 72/72 MP: 14/14
  6890 | D:7      | Reached **** piety under Wu Jian
  8345 | D:9      | Found a staircase to the Lair.
  8763 | D:10     | Entered Level 10 of the Dungeon
  8785 | D:10     | Reached skill level 5 in Dodging
  9004 | D:10     | Slain by a troll

Vault maps used:
D:1:      matt_arrival_los_fun, minmay_tripent
D:2:      minmay_general_purpose_star, uniq_robin
D:3:      corexii_shack_village, lemuel_crystal_altar, ebering_ghost_gozag,
          first_ration
D:4:      ebering_ghost_sewer_f, nicolae_ossuary_entry_catacombs
D:5:      nicolae_ru_path_of_blood
D:6:      lemuel_crystal_altar, brannock_xom_greatest_gift,
          yredelemnul_altar_generic
D:7:      corexii_shantytown, old_standard_altar, minmay_temple_entry_trees,
          gammafunk_ghost_nasty_kobolds
D:8:      minmay_fractal_squares_diagonal_5
D:9:      lair_entry_dummy, grunt_ogre_cave
D:10:     corexii_corridor_pit, solitary_fountain
Ossuary:  ossuary_minmay_scorpions

Skill      XL: |  1  2  3  4  5  6  7  8  9 10 |
---------------+-------------------------------+-----
Stealth        | 1 2 3 4 5 6 7 8 |  8.0
Short Blades   | 3 4 5 6 8 9 |  9.5
Fighting       | 4 5 6 8 9 |  9.2
Spellcasting   | 2 3 |  3.0
Hexes          | 2 4 |  4.0
Dodging        | 5 |  5.0
Shields        | 4 |  4.9

Action                   |  1- 3 |  4- 6 |  7- 9 | 10-12 || total
-------------------------+-------+-------+-------+-------++-------
Melee: Rapier            |    70 |    59 |       |       ||   129
       Constrict         |    15 |    20 |    50 |    37 ||   122
       Tentacles         |     8 |    22 |    68 |    39 ||   137
       Dagger            |       |    50 |   276 |   224 ||   550
Invok: Lunge             |       |     4 |    59 |    15 ||    78
       Whirlwind         |       |       |    12 |    47 ||    59
  Use: Scroll            |       |     8 |     9 |       ||    17
       Potion            |       |       |       |     1 ||     1
 Stab: Sleeping          |    14 |    19 |    49 |     9 ||    91
       Distracted        |       |       |     3 |       ||     3
  Eat: Chunk             |     1 |     4 |     6 |     8 ||    19
       Ration            |       |       |     2 |       ||     2
Armor: Skin              |     5 |     7 |     2 |    20 ||    34
Dodge: Dodged            |    28 |    30 |    48 |    64 ||   170
Block: Shield            |    17 |    19 |    55 |    59 ||   150

Table legend:
 A = Non-vault XP
 B = Vault XP
 C = Vault XP percentage of total XP
 D = Non-vault monster count
 E = Vault monster count
 F = Vault count percentage of total count
                 A         B        C        D         E       F
            +---------+---------+-------+---------+---------+-------
      Total |    6713 |    1832 |  21.4 |     173 |      93 |  35.0
            +---------+---------+-------+---------+---------+-------
        D:1 |      30 |       8 |  21.1 |      17 |       4 |  19.0
        D:2 |      28 |      33 |  54.1 |      13 |      10 |  43.5
        D:3 |      83 |      19 |  18.6 |      23 |      10 |  30.3
        D:4 |     419 |     174 |  29.3 |      10 |       6 |  37.5
        D:5 |     841 |       0 |   0.0 |      18 |       0 |   0.0
        D:6 |     799 |       0 |   0.0 |      14 |       0 |   0.0
        D:7 |     965 |     239 |  19.9 |      20 |      29 |  59.2
        D:8 |    1948 |     469 |  19.4 |      28 |       5 |  15.2
        D:9 |    1212 |     118 |   8.9 |      23 |       1 |   4.2
       D:10 |     388 |       0 |   0.0 |       7 |       0 |   0.0
    Ossuary |       0 |     772 | 100.0 |       0 |      28 | 100.0
            +---------+---------+-------+---------+---------+-------
